 Dungeon Crawl Stone Soup version 0.24.1-14-gf8d2b509d9 (webtiles) character file.

Game seed: 6460316799092903415, levelgen mode: deterministic

561 Hugehornet the Chopper (level 7, 0/41 HPs)
             Began as a Gargoyle Fighter on May 25, 2020.
             Killed from afar by an orc wizard (6 damage)
             ... with a magic dart
             ... on level 4 of the Dungeon.
             The game lasted 00:07:16 (3991 turns).

Hugehornet the Chopper (Gargoyle Fighter)           Turns: 3991, Time: 00:07:17

Health: 0/41       AC: 18    Str: 20    XL:     7   Next: 31%
Magic:  7/7        EV:  5    Int: 10    God:
Gold:   164        SH:  9    Dex:  9    Spells: 6/6 levels left

rFire    . . .     SeeInvis .   a - +0 war axe
rCold    . . .     Gourm    .   c - +0 shield
rNeg     + . .     Faith    .   h - +0 chain mail
rPois    ∞         Spirit   .   k - +0 helmet
rElec    +         Reflect  .   o - +0 cloak
rCorr    .         Harm     .   j - +0 pair of gloves
MR       .....                  r - +0 pair of boots
Stlth    ..........             (no amulet)
HPRegen  0.13/turn              (no ring)
MPRegen  0.10/turn              (no ring)

@: no status effects
A: negative energy resistance 1, electricity resistance, unbreathing,
petrification resistance, rot immunity, AC +4
a: no special abilities


You were on level 4 of the Dungeon.
You were very hungry.

You visited 1 branch of the dungeon, and saw 4 of its levels.

You collected 164 gold pieces.

Inventory:

Hand Weapons
 a - a +0 war axe (weapon)
 e - a +0 morningstar
Armour
 c - a +0 shield (worn)
 h - a +0 chain mail (worn)
 j - a +0 pair of gloves (worn)
 k - a +0 helmet (worn)
 o - a +0 cloak (worn)
 r - a +0 pair of boots (worn)
Wands
 l - a wand of disintegration (16)
Scrolls
 d - 2 scrolls of blinking {unknown}
 g - 2 scrolls of enchant armour
 i - a scroll of immolation
 p - 2 scrolls of teleportation {unknown}
 s - a scroll of magic mapping {unknown}
 u - a scroll of fear {unknown}
Potions
 b - a potion of resistance {unknown}
 m - 2 potions of agility
 n - 3 potions of curing
 w - a potion of cancellation
 x - a potion of brilliance
Comestibles
 f - 6 rations


   Skills:
 - Level 3.2 Fighting
 + Level 7.2 Axes
 - Level 3.2 Armour
 - Level 3.2 Shields


You had 6 spell levels left.
You didn't know any spells.
Your spell library was empty.

Dungeon Overview and Level Annotations

Branches:
Dungeon (4/15)
 Temple: D:4-7

Altars:
Elyvilon
Kikubaaqudgha
Makhleb
Sif Muna


Innate Abilities, Weirdness & Mutations

You are resistant to torment.
Your stone body is resilient. (AC +4)
You are immune to poison.
You resist negative energy. (rN+)
You are resistant to electric shocks. (rElec)
You can survive without breathing.
You are immune to petrification.
You are immune to rotting.


Message History

Your shield and chain mail prevent you from hitting the orc wizard.
You block the orc wizard's attack.
The orc wizard hits you but does no damage.
The orc priest hits you but does no damage.
Unknown command.
You slash the orc priest!
You kill the orc priest!
You completely miss the orc wizard. You block the orc wizard's attack.
The orc wizard hits you but does no damage.
Unknown command.
You miss the orc wizard.
The orc wizard is severely wounded.
The orc wizard barely misses you.
The orc wizard miscasts a cantrip.
Unknown command.
You barely miss the orc wizard.
The orc wizard is severely wounded.
The orc wizard casts a spell at you. The magic dart hits you.
You die...

#.. ############
..### #..........#
......
#..........#
......
#..........#
......
#..........#
......
#..........#
......
#....o)....#
....<.
#.....@)...#
......
#....).....#
.......
#..........#####..
....
###+##..........#
#### #..........#
# #..........# #
#..........# #
#..........# #
#..........# #


You could see an orc wizard.

Vanquished Creatures
  An ogre (D:4)
  A centaur skeleton (D:4)
  3 orc priests
  A bullfrog skeleton (D:4)
  4 orc wizards
  An iguana (D:4)
  A worker ant (D:4)
  4 adders
  3 adder skeletons (D:4)
  2 worms (D:2)
  2 dart slugs
  3 leopard geckos
  23 orcs
  A bat zombie (D:4)
  4 giant cockroaches
  9 goblins
  9 hobgoblins
  7 jackals
  10 kobolds
  A quokka (D:2)
  6 bats
  3 frilled lizards
  2 quokka skeletons (D:4)
  2 rats (D:1)
  A rat zombie (D:4)
104 creatures vanquished.

Notes
Turn   | Place    | Note
-------+----------+-------------------------------------------
     0 | D:1      | Hugehornet the Gargoyle Fighter began the quest for the
                  | Orb.
     0 | D:1      | Reached XP level 1. HP: 14/14 MP: 1/1
    42 | D:1      | Reached skill level 2 in Axes
    70 | D:1      | Reached XP level 2. HP: 7/19 MP: 2/2
   669 | D:1      | Reached skill level 3 in Axes
   744 | D:1      | Reached XP level 3. HP: 22/23 MP: 3/3
  1760 | D:2      | Reached XP level 4. HP: 28/28 MP: 4/4
  1894 | D:2      | Reached skill level 4 in Axes
  2309 | D:3      | Reached XP level 5. HP: 7/32 MP: 5/5
  2645 | D:3      | Reached skill level 5 in Axes
  2916 | D:3      | Found a burning altar of Makhleb.
  2916 | D:3      | Found a shimmering blue altar of Sif Muna.
  2917 | D:3      | Found a white marble altar of Elyvilon.
  2934 | D:3      | You fall into a shaft and drop 1 floor!
  2935 | D:4      | Noticed an ogre
  2943 | D:4      | Killed an ogre
  2943 | D:4      | Reached XP level 6. HP: 14/37 MP: 6/6
  3333 | D:4      | Reached skill level 6 in Axes
  3548 | D:4      | Reached XP level 7. HP: 38/41 MP: 7/7
  3929 | D:4      | Found an ancient bone altar of Kikubaaqudgha.
  3981 | D:4      | Reached skill level 7 in Axes
  3991 | D:4      | Killed from afar by an orc wizard

Levels and vault maps discovered:
D:1:      dpeg_arrival_leaves_temple_mockup, layout_rooms
D:2:      layout_loops_ring
D:3:      layout_basic, gammafunk_temple_overflow_claw, first_ration
D:4:      layout_gridville, lemuel_zombie_altar_kikubaaqudgha

Skill      XL: |  1  2  3  4  5  6  7 |
---------------+----------------------+-----
Axes           | 2 3 4 5 6 7 |  7.2
Fighting       | |  3.2
Armour         | |  3.2
Shields        | |  3.2

Action                   |  1- 3 |  4- 6 |  7- 9 || total
-------------------------+-------+-------+-------++-------
Melee: War axe           |   147 |   166 |    51 ||   364
  Use: Scroll            |       |     8 |       ||     8
       Potion            |       |     1 |       ||     1
  Eat: Chunk             |     1 |     7 |     1 ||     9
Armor: Scale mail        |    79 |    67 |       ||   146
       Chain mail        |       |    29 |    54 ||    83
Dodge: Dodged            |    45 |    51 |    14 ||   110
Block: Shield            |    70 |    84 |    30 ||   184
